 Dungeon Crawl Stone Soup version 0.30-a0-808-g6e0788376e (webtiles) character file.

Game seed: 1301184361709175009

126 cforsyth the Sneak (level 5, 0/32 HPs)
             Began as a Kobold Brigand on Feb 25, 2023.
             Succumbed to a scorpion's poison
             ... on level 4 of the Dungeon.
             The game lasted 00:02:34 (2095 turns).

cforsyth the Sneak (Kobold Brigand)                 Turns: 2095, Time: 00:02:35

Health: 0/32       AC:  4    Str:  8    XL:     5   Next: 31%
Magic:  5/5        EV: 15    Int: 13    God:
Gold:   242        SH:  0    Dex: 18    Spells: 4/4 levels left

rFire   . . .      SeeInvis .    a - +2 dagger
rCold   . . .      Faith    .    (no shield)
rNeg    . . .      Spirit   .    b - +0 robe
rPois   .          Reflect  .    (no helmet)
rElec   .          Harm     .    c - +0 cloak
rCorr   .          Rampage  .    (no gloves)
Will    .....                    p - +0 pair of boots
Stlth   ++++                     (no amulet)
HPRegen 0.25/turn                (no ring)
MPRegen 0.09/turn                (no ring)

@: lethally poisoned (0 -> -14)
A: small, no large weapons, nightstalker 3
a: no special abilities


You were on level 4 of the Dungeon.
You visited 1 branch of the dungeon, and saw 4 of its levels.

You collected 242 gold pieces.

Inventory:

Hand Weapons
 a - a +2 dagger (weapon)
Missiles
 d - 19 poisoned darts (quivered)
 e - 3 curare-tipped darts
 f - 2 throwing nets
Armour
 b - a +0 robe (worn)
 c - a +0 cloak (worn)
 p - a +0 pair of boots (worn)
Scrolls
 i - 3 scrolls of identify {unknown}
 k - a scroll of teleportation {unknown}
 l - a scroll of enchant armour {unknown}
 m - a scroll of fear {unknown}
 r - a scroll of vulnerability {unknown}
 s - a scroll of enchant weapon {unknown}
Potions
 g - 3 potions of curing {unknown}
 h - a potion of berserk rage {unknown}
 j - a potion of flight {unknown}
 n - a potion of degeneration {unknown}
 o - a potion of attraction {unknown}
 q - a potion of magic {unknown}
 t - a potion of heal wounds {unknown}


   Skills:
 + Level 3.2 Fighting
 + Level 4.1 Short Blades
 - Level 2.1 Throwing
 + Level 3.0 Dodging
 + Level 6.3 Stealth


You had 4 spell levels left.
You didn't know any spells.
Your spell library contained the following spells:

 Spells                   Type           Power      Damage    Failure   Level
 Magic Dart               Conj           0%         1d3       30%         1
 Call Imp                 Summ           0%         N/A       43%         2
 Searing Ray              Conj           0%         2d4       43%         2
 Mephitic Cloud           Conj/Pois/Air  0%         N/A       67%         3
 Fulminant Prism          Conj/Hex       0%         3d5       97%         4


Dungeon Overview and Level Annotations

Branches:
Dungeon (4/15)
 Temple: D:4-7

Altars:
Elyvilon

Shops:
D:2 =

Annotations:
D:4 1 runed translucent door, tarna41's ghost, amateur DsBe


Innate Abilities, Weirdness & Mutations

You are small and have problems with some larger weapons.
You are completely attuned to the shadows.


Message History

You closely miss the scorpion. The scorpion stings you.
You are poisoned.
The scorpion poisons you!
You closely miss the scorpion.
You feel sick.
The scorpion stings you but does no damage.
You barely miss the scorpion.
You feel sick. The scorpion completely misses you.
You closely miss the scorpion.
You feel sick. The scorpion stings you!
You hit the scorpion.
The scorpion is lightly wounded.
You feel sick. The scorpion completely misses you.
You are too injured to fight recklessly!
You are too injured to fight recklessly!
You are too injured to fight recklessly!
You are too injured to fight recklessly!
You are too injured to fight recklessly!
You are too injured to fight recklessly!
You are too injured to fight recklessly!
You are too injured to fight recklessly!
You hit the scorpion. You punch the scorpion.
The scorpion is moderately wounded.
You feel sick. The scorpion stings you.
You hit the scorpion.
The scorpion is heavily wounded.
You feel sick.
You barely miss the scorpion.
The scorpion is heavily wounded.
You feel sick. The scorpion barely misses you.
You hit the scorpion but do no damage.
The scorpion is heavily wounded.
The scorpion barely misses you.
You hit the scorpion but do no damage.
The scorpion is heavily wounded.
You feel sick. The scorpion stings you.
* * * LOW HITPOINT WARNING * * *
You are lethally poisoned!
The scorpion poisons you!
You barely miss the scorpion. You punch the scorpion.
The scorpion is heavily wounded.
You die...

.### .... ...# #...
###?##.# ##..
.......##..##..?..##.
.......##..#W..♣...+.
..$s...##..##..!..##.
....@..##...##...##..
.......##....##⌠##...
.......)......###...#
...................##
####.#####........##
#. #.#......# .
#........#
.###.###..#
..........#


You could see a scorpion.

Vanquished Creatures
  A gnoll (D:1)
  4 adders
  2 worms
  4 dart slugs
  4 bats
  10 endoplasms
  7 hobgoblins
  5 jackals
  7 kobolds
  3 quokkas
  7 ball pythons
  4 frilled lizards
  3 goblins
  3 rats
64 creatures vanquished.

Vanquished Creatures (others)
  2 plants (D:1)
2 creatures vanquished.

Grand Total: 66 creatures vanquished

Notes
Turn   | Place    | Note
-------+----------+-------------------------------------------
     0 | D:1      | cforsyth the Kobold Brigand began the quest for the Orb.
     0 | D:1      | Reached XP level 1. HP: 12/12 MP: 1/1
    51 | D:1      | Reached XP level 2. HP: 17/18 MP: 2/2
   141 | D:1      | Reached XP level 3. HP: 20/22 MP: 3/3
   769 | D:2      | Found a white marble altar of Elyvilon.
   960 | D:2      | Reached XP level 4. HP: 27/27 MP: 4/4
   998 | D:2      | Reached skill level 6 in Stealth
  1408 | D:2      | Found Zeetad's Jewellery Shop.
  1587 | D:3      | Reached XP level 5. HP: 30/32 MP: 5/5
  2039 | D:4      | Found a runed translucent door.
  2049 | D:4      | Noticed tarna41's ghost (amateur DsBe)
  2095 | D:4      | Succumbed to a scorpion's poison

Illustrated notes

Levels and vault maps discovered:
D:1:      scummos_arrival_simple_fountains, layout_loops_cross,
          minmay_liquid_box, minmay_stone_trees_small, nicolae_grassy_gnolls
D:2:      layout_loops_ring, basic_altar, serial_shops, shop,
          kennysheep_another_room, minmay_pentomino_pile
D:3:      layout_basic
D:4:      layout_loops_ring, hellmonk_ghost_happy_afterlife,
          guppyfry_early_orc_mine, uniq_natasha, uniq_robin

Skill      XL: |  1  2  3  4  5 |
---------------+----------------+-----
Short Blades   | 3 4 |  4.1
Dodging        | 2 3 |  3.0
Stealth        | 6 |  6.3
Fighting       | 3 |  3.2
Throwing       | |  2.1

Action                     |  1- 3 |  4- 6 || total
---------------------------+-------+-------++-------
  Melee: Dagger            |    51 |   120 ||   171
         Punch             |       |     2 ||     2
   Stab: Sleeping          |    27 |    15 ||    42
         Distracted        |       |     1 ||     1
 Armour: Robe              |     8 |    13 ||    21
  Dodge: Dodged            |    13 |    66 ||    79

Table legend: (Time is in decaauts)
 A = Elapsed time spent in this place.
 B = Non-inter-level travel time spent in this place.
 C = Inter-level travel time spent in this place.
 D = Time resting spent in this place.
 E = Time spent auto-exploring this place.
 F = Levels seen in this place.
 G = Mean time per level.
                   A        B        C        D        E       F      G
               +--------+--------+--------+--------+--------+-----+--------+
         Total |   2062 |   2013 |     49 |      0 |   1631 |   4 |  515.5 |
       Dungeon |   2062 |   2013 |     49 |      0 |   1631 |   4 |  515.5 |
               +--------+--------+--------+--------+--------+-----+--------+

Top non-repeatable levels by time:
     D:2: 799 daAuts
     D:1: 653 daAuts
     D:3: 515 daAuts
     D:4: 94 daAuts
